 Dungeon Crawl Stone Soup version 0.31.0-32-g396128a36d (webtiles) character file.

Game seed: 16327348324628674961

4934 Peloso the Carver (level 10, -1/90 HPs)
             Began as a Minotaur Fighter on Mar 22, 2024.
             Was an Initiate of Okawaru.
             Slain by a catoblepas (3 damage)
             ... while petrified by a catoblepas
             ... on level 8 of the Dungeon.
             The game lasted 00:22:54 (9111 turns).

Peloso the Carver (Minotaur Fighter)                Turns: 9111, Time: 00:22:55

Health: -1/90      AC: 16    Str: 22    XL:     10   Next: 27%
Magic:  9/9        EV:  2    Int:  5    God:    Okawaru [......]
Gold:   290        SH:  0    Dex: 13    Spells: 9/9 levels left

rFire   . . .        a - +4 scimitar
rCold   . . .        d - +0 buckler
rNeg    + + +        e - +0 plate armour
rPois   ∞            (helmet restricted)
rElec   .            (no cloak)
rCorr   .            (no gloves)
SInv    .            x - +0 pair of boots
Will    .....        (no amulet) Stlth
                     l - +5 ring of evasion
HPRegen 0.35/turn    (no ring)
MPRegen 0.11/turn

%: no passive effects
@: petrified
A: horns 2, retaliatory headbutt
a: Renounce Religion


You were on level 8 of the Dungeon.
You worshipped Okawaru.
Okawaru was noncommittal.
You visited 1 branch of the dungeon, and saw 8 of its levels.
You also visited: Sewer and Bailey.

You collected 371 gold pieces.
You spent 81 gold pieces at shops.

Inventory:

Hand Weapons
 a - a +4 scimitar (weapon)
 b - a +2 scimitar of freezing
 c - a +1 spear of flaming
Missiles
 y - 6 throwing nets (quivered)
Armour
 d - a +0 buckler (worn)
 e - a +0 plate armour (worn)
 o - a +2 scale mail of fire resistance
 x - a +0 pair of boots (worn)
Jewellery
 l - a +5 ring of evasion (left hand)
Talismans
 m - a flux talisman
 A - a serpent talisman
Wands
 g - a wand of mindburst (10)
 k - a wand of iceblast (20)
Scrolls
 i - a scroll of enchant armour
 j - 3 scrolls of blinking
 n - 3 scrolls of identify
 p - a scroll of poison
 s - a scroll of fog
 u - a scroll of butterflies
 z - 2 scrolls of teleportation
Potions
 f - 3 potions of enlightenment
 h - a potion of brilliance


   Skills:
 + Level 8.4 Fighting
 + Level 11.9 Long Blades
 + Level 10.1 Armour
 + Level 2.8 Dodging
 + Level 0.7 Stealth
 + Level 6.7 Shields
 + Level 0.2 Evocations


You had 9 spell levels left.
You didn't know any spells.
Your spell library contained the following spells:

 Spells                   Type           Power      Damage    Failure   Level
 Static Discharge         Conj/Air       0%         3-3/arc   100%        2
 Hailstorm                Conj/Ice       0%         3d5       100%        3
 Airstrike                Air            0%         2d(0-16)  100%        4
 Iskenderun's Battlesphe  Conj           0%         2d6       100%        5
 Bombard                  Conj/Erth      0%         9d1       100%        6
 Conjure Ball Lightning   Conj/Air       0%         3x3d6     100%        6
 Ozocubu's Refrigeration  Ice            0%         4d7       100%        7
 Discord                  Hex            0%         N/A       100%        8
 Disjunction              Tloc           0%         N/A       100%        8
 Polar Vortex             Ice            0%         N/A       100%        9
 Summon Ice Beast         Ice/Summ       Unusable   N/A       N/A         3
 Summon Lightning Spire   Summ/Air       Unusable   N/A       N/A         4
 Sculpt Simulacrum        Ice/Alch       Unusable   N/A       N/A         6
 Spellforged Servitor     Conj/Summ      Unusable   N/A       N/A         7

Dungeon Overview and Level Annotations

Branches:
Dungeon (8/15)             Temple (0/1) D:7           Sewer (visited)
 Bailey (visited)
   Lair: D:8-11

Altars:
Cheibriados
Dithmenos
Nemelex Xobeh
Okawaru
Sif Muna
Uskayaw

Shops:
D:2 *   D:7 [*


Innate Abilities, Weirdness & Mutations

You have a pair of horns on your head.
You reflexively headbutt those who attack you in melee.


Message History

You slash the catoblepas!
The catoblepas is heavily wounded.
The catoblepas gores you!
* * * LOW HITPOINT WARNING * * *
Unknown command.
You hit the catoblepas.
The catoblepas is heavily wounded.
You slash the catoblepas!
The catoblepas is severely wounded.
The catoblepas breathes a plume of calcifying dust at you.
The blast of calcifying dust hits you.
* * * LOW HITPOINT WARNING * * *
You hit the catoblepas.
You headbutt the catoblepas, but do no damage.
The catoblepas is severely wounded.
You are engulfed in calcifying dust.
The catoblepas gores you!
* * * LOW HITPOINT WARNING * * *
You slash the catoblepas!
You headbutt the catoblepas, but do no damage.
The catoblepas is severely wounded.
You are engulfed in calcifying dust.
You are slowing down.
The catoblepas barely misses you.
You feel better.
You are engulfed in calcifying dust.
Your limbs have turned to stone.
You block the catoblepas's attack.
You have turned to stone.
You are engulfed in calcifying dust.
The catoblepas gores you!!
* * * LOW HITPOINT WARNING * * *
You are engulfed in calcifying dust.
The catoblepas completely misses you.
You are engulfed in calcifying dust.
The catoblepas gores you.
* * * LOW HITPOINT WARNING * * *
The catoblepas breathes a plume of calcifying dust at you.
The blast of calcifying dust hits you.
* * * LOW HITPOINT WARNING * * *
You are engulfed in calcifying dust.
The catoblepas gores you!
* * * LOW HITPOINT WARNING * * *
You are engulfed in calcifying dust.
The catoblepas gores you.
* * * LOW HITPOINT WARNING * * *
You are engulfed in calcifying dust.
The catoblepas gores you!
You die...

.##..##.##..##..#
.##..##[..8..)##..#
..##..##..##e##..##.
#.##..##zz###..##.#
#>.##..##zz#..##.# ...
# #.##..##cz.##..# ...
#..##§##..##y##...#
#.. ......§##..###...#
#.. ..##..@##..#.#..#
#.. . ####Y##..##..#
#..
#.####.#).##..#####..
.........)..).........
##.##########.######.#
#.# #.. #(# ### #<#
#.#


You could see a catoblepas, a centaur warrior, a deep elf pyromancer, a vampire
mosquito and 5 wights.

Vanquished Creatures
  Pikel (D:7)
  Menkaure (D:7)
  Edmund (D:4)
  2 water moccasins
  An orc warrior (D:4)
  An ice beast (D:6)
  Pargi (D:4)
  A black bear (D:5)
  4 wolves (Bailey)
  3 ogres
  2 lemures (D:7)
  A kobold brigand (D:5)
  A phantom (D:4)
  10 gnoll sergeants
  2 scorpions (D:4)
  12 wights
  10 hounds
  2 jellies
  4 orc priests
  7 gnoll boudas (Bailey)
  A hell rat (Sewer)
  An iguana (D:5)
  A sleepcap (D:5)
  Natasha (thrice) (D:4)
  11 orc wizards
  28 gnolls
  2 river rats (Sewer)
  7 adders
  A white imp (D:5)
  4 ufetubi (D:6)
  4 dart slugs
  21 orcs
  7 ball pythons
  8 endoplasms
  9 giant cockroaches
  6 hobgoblins
  2 jackals (D:5)
  12 kobolds
  3 quokkas (D:3)
  6 bats
  2 frilled lizards
  14 goblins
  9 rats
229 creatures vanquished.

Notes
Turn   | Place    | Note
-------+----------+-------------------------------------------
     0 | D:1      | Peloso the Minotaur Fighter began the quest for the Orb.
     0 | D:1      | Reached XP level 1. HP: 19/19 MP: 0/0
   140 | D:1      | Reached XP level 2. HP: 27/27 MP: 1/1
   578 | D:1      | Reached skill level 3 in Long Blades
   578 | D:1      | Reached XP level 3. HP: 33/33 MP: 2/2
   751 | D:2      | Identified the +0 robe of Vlad {rElec rF+ rC+ Regen+}
  1014 | D:2      | Found Yshrofip's Assorted Antiques.
  1019 | D:2      | Reached XP level 4. HP: 41/41 MP: 3/3
  1028 | D:2      | Bought a scroll labelled QEOMYEL OROAM for 28 gold pieces
  1028 | D:2      | Bought a scroll labelled GUFOFU PENAF for 28 gold pieces
  1028 | D:2      | Bought a fuming purple potion for 25 gold pieces
  1078 | D:2      | Reached skill level 4 in Long Blades
  1544 | D:3      | Reached XP level 5. HP: 39/47 MP: 4/4
  1599 | D:3      | Found a glowing drain.
  1675 | Sewer    | Entered a sewer
  1938 | D:3      | Reached skill level 5 in Long Blades
  1952 | D:3      | Reached skill level 1 in Dodging
  2146 | D:3      | Reached XP level 6. HP: 51/55 MP: 5/5
  2217 | D:3      | Reached skill level 5 in Fighting
  2558 | D:4      | Noticed Edmund
  2591 | D:4      | Killed Edmund
  2592 | D:4      | Reached skill level 5 in Armour
  2597 | D:4      | Reached skill level 6 in Long Blades
  2597 | D:4      | Reached XP level 7. HP: 22/61 MP: 6/6
  2730 | D:4      | Noticed Pargi
  2746 | D:4      | Killed Pargi
  3096 | D:4      | Noticed Natasha
  3104 | D:4      | Killed Natasha
  3162 | D:4      | Noticed Natasha
  3295 | D:4      | Killed Natasha
  3311 | D:4      | Noticed Natasha
  3324 | D:4      | Killed Natasha
  3325 | D:4      | Reached skill level 7 in Long Blades
  3588 | D:5      | Entered Level 5 of the Dungeon
  3676 | D:4      | Reached skill level 5 in Shields
  3898 | D:4      | Reached XP level 8. HP: 70/70 MP: 7/7
  4093 | D:5      | Found a hide-covered altar of Uskayaw.
  4105 | D:5      | Reached skill level 8 in Long Blades
  4279 | D:5      | Found a shadowy altar of Dithmenos.
  4410 | D:5      | Found a sparkling altar of Nemelex Xobeh.
  4442 | D:5      | Found a shimmering blue altar of Sif Muna.
  4818 | D:5      | Reached skill level 9 in Long Blades
  5609 | D:6      | Found a snail-covered altar of Cheibriados.
  5656 | D:6      | Reached XP level 9. HP: 76/77 MP: 8/8
  6578 | D:7      | Noticed Pikel
  6600 | D:7      | Killed Pikel
  6601 | D:7      | Reached skill level 10 in Long Blades
  6635 | D:7      | Found Jonoacy's Armour Emporium.
  6664 | D:7      | Found Foeguab's Mass Market.
  6733 | D:7      | Found a staircase to the Ecumenical Temple.
  6764 | D:7      | Reached skill level 11 in Long Blades
  6938 | D:7      | Found a flagged portal.
  6958 | Bailey   | Entered a bailey
  7391 | Bailey   | Reached XP level 10. HP: 31/88 MP: 9/9
  8624 | D:7      | Found an iron altar of Okawaru.
  8679 | D:7      | Became a worshipper of Warmaster Okawaru
  8769 | D:7      | Noticed Menkaure
  8785 | D:7      | Killed Menkaure
  8786 | D:7      | Reached skill level 10 in Armour
  9057 | D:8      | Noticed a centaur warrior
  9067 | D:8      | Noticed a catoblepas
  9069 | D:8      | Noticed a deep elf pyromancer
  9109 | D:8      | HP: 3/90 [catoblepas (4)]
  9111 | D:8      | Slain by a catoblepas

Illustrated notes

Levels and vault maps discovered:
D:1:      dpeg_arrival_refuge, layout_basic, minmay_fountain_box,
          minmay_heptomino_l4
D:2:      layout_loops_ring, serial_shops, shop_statue
D:3:      layout_loops_cross, portal_sewer_entry_f
D:4:      layout_basic, uniq_natasha, uniq_edmund, uniq_pargi
D:5:      layout_basic, old_standard_altar, overflow_temple_1_default,
          mainiacjoe_overflow_two_lobes, grunt_ministairs_14,
          guppyfry_early_orc_mine
D:6:      layout_gridville, cheibriados_altar_1
D:7:      layout_rooms, okawaru_gym_becter, minmay_temple_entry_tees,
          serial_shops, shop, enter_bailey_4, wad_floor_pattern_2,
          minmay_shop_mass, roderic_roman_lattice, uniq_pikel, uniq_menkaure
D:8:      layout_loops_ring, serial_shops, nicolae_shop_advertising_works
          [nicolae_subvault_shop_adworks], minmay_diamond_spiral, uniq_erica,
          uniq_grum

Skill      XL: |  1  2  3  4  5  6  7  8  9 10 |
---------------+-------------------------------+-----
Fighting       | 4 5 6 8 |  8.4
Armour         | 4 5 6 8 9 10 | 10.1
Long Blades    | 3 4 5 6 7 9 11 | 11.9
Shields        | 4 5 6 |  6.7
Dodging        | 1 2 |  2.8
Stealth        | |  0.7
Evocations     | |  0.2

Action                     |  1- 3 |  4- 6 |  7- 9 | 10-12 || total
---------------------------+-------+-------+-------+-------++-------
  Melee: Long sword        |    72 |   125 |   174 |       ||   371
         Headbutt          |    13 |    36 |    72 |    19 ||   140
         Scimitar          |       |       |   237 |    72 ||   309
  Evoke: Wand              |       |       |       |     5 ||     5
    Use: Potion            |     2 |     3 |     1 |     2 ||     8
         Scroll            |       |     7 |     2 |     5 ||    14
 Armour: Scale mail        |    54 |    55 |       |       ||   109
         Chain mail        |       |    30 |    60 |       ||    90
         Plate armour      |       |       |   319 |    92 ||   411
  Dodge: Dodged            |    41 |    92 |   292 |    62 ||   487
  Block: Buckler           |    21 |    29 |   130 |    28 ||   208
         Form:             |       |     1 |       |       ||     1
         Flux              |       |     1 |       |       ||     1
